 Dungeon Crawl Stone Soup version 0.24-a0-479-g9a978d2894 (console) character file.

Game seed: 8629953807177497625

126336 nht the Sharpshooter (level 16, 0/147 HPs)
             Began as a Minotaur Hunter on July 6, 2019.
             Was the Champion of Dithmenos.
             Shot with a bolt by a yaktaur (18 damage)
             ... on level 15 of the Dungeon.
             The game lasted 01:09:24 (26408 turns).

nht the Sharpshooter (Minotaur Hunter)             Turns: 26408, Time: 01:09:25

Health: 0/147      AC: 26    Str: 23    XL:     16   Next: 43%
Magic:  33/33      EV: 10    Int: 12    God:    Dithmenos [******]
Gold:   1985       SH:  0    Dex: 15    Spells: 15/15 levels left

rFire    . . .     SeeInvis +   b - +2 short sword (elec)
rCold    + . .     Gourm    .   (no shield)
rNeg     + + .     Faith    .   w - +4 chain mail
rPois    +         Spirit   .   R - +0 hat "Xioczoes" {-Cast +Blink rF+ rCorr}
rElec    .         Reflect  .   x - +2 cloak {MR+}
rCorr    +         Harm     .   c - +2 pair of gloves {Dex+3}
MR       ++...     NoCast   +   h - +0 pair of boots
Stlth    ..........             (no amulet)
HPRegen  0.34/turn              Q - ring of Kuveim {rPois rF- rN++ MP+9 SInv}
MPRegen  0.23/turn              F - ring "Ojutt" {rC+ Int+4 Slay+2}

@: wreathed by umbra
A: retaliatory headbutt, horns 2
a: Shadow Step, Shadow Form, Renounce Religion, Evoke Blink


You were on level 15 of the Dungeon.
You worshipped Dithmenos.
Dithmenos was exalted by your worship.
You were not hungry.

You visited 3 branches of the dungeon, and saw 23 of its levels.
You also visited: Sewer, Bailey, Gauntlet and Volcano.

You collected 3054 gold pieces.
You spent 1069 gold pieces at shops.

Inventory:

Hand Weapons
 a - a +2 hand crossbow
 b - a +2 short sword of electrocution (weapon)
 E - a +0 short sword of distortion
Missiles
 d - 207 bolts
 i - 8 curare-tipped darts
 l - 66 poisoned darts
 I - 7 atropa-tipped darts (quivered)
Armour
 c - a +2 pair of gloves of dexterity (worn)
 h - a +0 pair of boots (worn)
 w - a +4 chain mail (worn)
 x - a +2 cloak of magic resistance (worn)
 R - the +0 hat "Xioczoes" (worn) {-Cast +Blink rF+ rCorr}
   (You found it in a Gauntlet)

   It protects you from fire.
   It lets you blink.
   It prevents spellcasting.
   It provides partial protection from all sources of acid and corrosion.
Jewellery
 p - an uncursed ring of protection from fire
 B - an uncursed ring of see invisible
 F - the ring "Ojutt" (right hand) {rC+ Int+4 Slay+2}
   (You found it on level 5 of the Dungeon)

   [ring of slaying]

   It affects your intelligence (+4).
   It affects your accuracy and damage with ranged weapons and melee attacks
   (+2).
   It protects you from cold.
 G - an uncursed ring of flight
 L - an uncursed amulet of harm
 P - an uncursed ring of wizardry
 Q - the ring of Kuveim (left hand) {rPois rF- rN++ MP+9 SInv}
   (You found it in a Gauntlet)

   [ring of see invisible]

   It makes you vulnerable to fire.
   It protects you from poison.
   It greatly protects you from negative energy.
   It affects your magic capacity (+9).
   It lets you see invisible.
Wands
 q - a wand of disintegration (9)
 u - a wand of polymorph (8)
 K - a wand of random effects (13)
 S - a wand of digging (3)
 U - a wand of paralysis (16)
 V - a wand of iceblast (3)
Scrolls
 e - 5 scrolls of magic mapping
 o - 4 scrolls of immolation
 r - 5 scrolls of teleportation
 y - 12 scrolls of remove curse
 C - 2 scrolls of amnesia
 J - 4 scrolls of enchant armour
 M - 2 scrolls of enchant weapon
 N - 7 scrolls of identify
 T - 2 scrolls of fear
Potions
 g - 4 potions of brilliance
 j - 3 potions of might
 m - a potion of berserk rage
 n - 11 potions of curing
 s - 3 potions of cancellation
 t - 2 potions of haste
 v - 2 potions of magic
 z - 4 potions of mutation
 A - 5 potions of heal wounds
 D - 2 potions of flight
Miscellaneous
 O - a lightning rod (4/4)
 X - a lamp of fire (inert)
 Y - a phantom mirror
 Z - a sack of spiders
Comestibles
 f - 33 rations


   Skills:
 + Level 14.4 Fighting
 - Level 12.1 Short Blades
 * Level 17.9 Crossbows
 + Level 14.1 Armour
 - Level 2.1 Dodging
 - Level 0.7 Stealth
 + Level 12.0 Invocations


You had 15 spell levels left.
You didn't know any spells.
Your spell library contained the following spells:

 Spells                   Type           Power        Failure   Level  Hunger
 Animate Skeleton         Necr           N/A          83%         1    ##.....
 Apportation              Tloc           #.....       83%         1    ##.....
 Beastly Appendage        Tmut           #.....       83%         1    ##.....
 Confusing Touch          Hex            #.....       83%         1    ##.....
 Corona                   Hex            #......      83%         1    ##.....
 Freeze                   Ice            #...         83%         1    ##.....
 Sandblast                Erth           #.....       83%         1    ##.....
 Summon Small Mammal      Summ           #...         83%         1    ##.....
 Blink                    Tloc           N/A          93%         2    ###....
 Passwall                 Tmut/Erth      #.......     93%         2    ###....
 Shroud of Golubria       Chrm/Tloc      #.....       93%         2    ###....
 Slow                     Hex            #.......     93%         2    ###....
 Sticks to Snakes         Tmut           #.......     93%         2    ###....
 Throw Frost              Conj/Ice       #.....       93%         2    ###....
 Gell's Gravitas          Tloc           #.........   99%         3    ####...
 Inner Flame              Hex/Fire       #.......     99%         3    ####...
 Lesser Beckoning         Tloc           #.........   99%         3    ####...
 Ozocubu's Armour         Chrm/Ice       #.......     99%         3    ####...
 Portal Projectile        Hex/Tloc       #.....       99%         3    ####...
 Recall                   Summ/Tloc      N/A          99%         3    ####...
 Spider Form              Tmut/Pois      #.........   99%         3    ####...
 Stone Arrow              Conj/Erth      #.....       99%         3    ####...
 Teleport Other           Tloc           #.......     99%         3    ####...
 Animate Dead             Necr           N/A          100%        4    #####..
 Cause Fear               Hex            #.........   100%        4    #####..
 Ice Form                 Ice/Tmut       #.......     100%        4    #####..
 Leda's Liquefaction      Hex/Erth       #.........   100%        4    #####..
 Passage of Golubria      Tloc           N/A          100%        4    #####..
 Petrify                  Tmut/Erth      #.......     100%        4    #####..
 Summon Ice Beast         Ice/Summ       #.......     100%        4    #####..
 Throw Icicle             Conj/Ice       #.......     100%        4    #####..
 Blade Hands              Tmut           #.........   100%        5    ######.
 Borgnjor's Vile Clutch   Necr/Erth      #.........   100%        5    ######.
 Lee's Rapid Deconstruct  Erth           #.........   100%        5    ######.
 Death Channel            Necr           #.........   100%        6    #######
 Simulacrum               Ice/Necr       #.........   100%        6    #######
 Malign Gateway           Summ/Tloc      #.........   100%        7    #######
 Orb of Destruction       Conj           #.........   100%        7    #######
 Ring of Flames           Chrm/Fire      #.........   100%        7    #######
 Summon Hydra             Summ           #.........   100%        7    #######


Dungeon Overview and Level Annotations

Branches:
Dungeon (15/15)            Temple (0/1) D:7            Lair (6/6) D:11
  Swamp (0/4) Lair:4        Snake (0/4) Lair:3        Slime (0/5) Lair:5
    Orc (2/2) D:9             Elf (0/3) Orc:2        Vaults (0/5) D:13
 Depths: D:15

Altars:
Ashenzari
Cheibriados
Dithmenos
Elyvilon
Fedhas
Nemelex Xobeh
Sif Muna
Uskayaw
Vehumet
Wu Jian
Xom
Yredelemnul
The Shining One
Beogh

Shops:
D:4 }   D:6 [   D:10 ?   Orc:1 *   Orc:2 [:*(

Annotations:
D:7 relec, exclusion: 2 doors
D:9 1 runed translucent door, DavidChitty2's ghost, novice GrFi
D:10 exclusion: 2 oklob plants
D:11 3 runed translucent doors, zhorgal's ghost, journeyman VSMo
D:14 3 runed translucent doors, Kystiego's ghost, journeyman SpEn; melvinkitnick's ghost, journeyman DsAK
Lair:1 exclusion: oklob plant
Lair:6 exclusion: 2 oklob plants


Innate Abilities, Weirdness & Mutations

You reflexively headbutt those who attack you in melee.
You have a pair of horns on your head.


Message History

* * * LOW HITPOINT WARNING * * *
You hear two shouts!
Things that are here:
3 bolts; an orc corpse The deep troll bites you but does no damage.
The deep troll claws you.
* * * LOW HITPOINT WARNING * * *
The deep troll claws you!
* * * LOW HITPOINT WARNING * * *
Things that are here:
a +0 dire flail; a +0 plate armour; an orc corpse An ettin comes into view.
It is wielding two +0 dire flails.
The deep troll bites you but does no damage.
The deep troll claws you but does no damage.
The deep troll claws you.
* * * LOW HITPOINT WARNING * * *
The yaktaur shoots a bolt.
The bolt hits you but does no damage.
You see here a bolt.
The yaktaur shoots a bolt.
The bolt hits you!!
You die... █████

█..?.██ █.....█ █. ...█
. .
████.██.███████████.....
..........(.cO..........
█.████@█.█.....███.....
█.█...<█.█.██.O███.....
█...........((O()......
█.█....███.███.████████
█ █.████ █.█ █.O....O.
█. ..█ █.O...█.. █ ..█.
....C.... ... .
██....█.. .... .█
.███.██


You could see an ogre mage and a yaktaur.

Vanquished Creatures
  Saint Roka (Orc:1)
  Gastronok (Lair:3)
  2 orc warlords (Orc:2)
  Louise (D:14)
  A dire elephant (Lair:6)
  2 minotaurs
  A red draconian (Volcano)
  2 ogre magi
  2 centaur warriors
  A catoblepas (Lair:6)
  13 hydras
  17 two-headed ogres
  5 death yaks
  7 orc high priests
  2 iron trolls (D:12)
  2 glowing orange brains (Gauntlet)
  A deep troll (D:12)
  2 lindwurms (Lair:6)
  6 orc knights
  An oklob plant (Lair:5)
  Pikel (D:5)
  2 wizards (Gauntlet)
  A mana viper (Lair:4)
  3 orc sorcerers (Orc:2)
  2 manticores (Lair:6)
  A cyclops (D:12)
  3 ugly things
  2 elephants (Lair:6)
  3 black mambas
  2 centaur zombies (D:14)
  Joseph (Lair:1)
  A torpor snail (shapeshifter) (D:13)
  2 torpor snails
  4 gargoyles
  7 spiny frogs
  4 rime drakes
  2 komodo dragons
  A kobold demonologist (D:14)
  12 trolls
  A queen bee (shapeshifter) (D:13)
  A queen bee (Lair:3)
  A wind drake (shapeshifter) (D:13)
  13 hippogriffs
  5 dream sheep (Lair:6)
  20 blink frogs
  A shadow (D:14)
  3 wyverns
  2 wraiths (D:12)
  A ynoxinul (Gauntlet)
  3 basilisks
  8 vampire mosquitoes
  29 yaks
  4 hungry ghosts
  Menkaure (D:7)
  A steam dragon (D:12)
  6 wargs
  3 swamp worms (Lair:4)
  An acid dragon (D:14)
  13 water moccasins
  9 porcupines
  52 orc warriors
  A black bear (D:11)
  A slave (D:5)
  6 sky beasts
  4 ice beasts
  4 phantoms
  35 ogres
  9 wolves
  9 crocodiles
  4 centaurs
  2 big kobolds
  16 bullfrogs
  A gnoll sergeant (Orc:2)
  3 wyvern skeletons
  3 scorpions
  23 killer bees
  6 wights
  3 electric eels
  3 howler monkeys (D:7)
  7 crimson imps
  4 bullfrog zombies
  7 jellies
  34 orc wizards
  19 orc priests
  Crazy Yiuf (D:7)
  6 hounds
  3 iron imps (Gauntlet)
  2 bullfrog skeletons
  6 centaur skeletons
  4 iguanas
  14 worker ants
  An ogre zombie (D:9)
  A hound skeleton (D:4)
  A worker ant zombie (D:10)
  13 gnolls
  19 adders
  3 river rats (Sewer)
  4 shadow imps
  2 white imps (Gauntlet)
  8 oozes
  2 adder skeletons
  3 worms
  A dart slug (D:4)
  7 leopard geckos
  140 orcs
  6 ball pythons
  11 bats
  9 giant cockroaches
  9 hobgoblins
  9 jackals
  5 quokkas
  12 frilled lizards
  9 goblins
  16 kobolds
  2 quokka skeletons
  A quokka zombie (D:8)
  8 rats
  2 plants (Lair:6)
846 creatures vanquished.

Vanquished Creatures (others)
  A dream sheep (Lair:6)
  A hippogriff (D:8)
  A phantom (D:6)
  A hound (D:6)
  An orc priest (D:7)
  A worker ant (D:5)
  A gnoll (D:7)
  2 adders
  An orc (Orc:1)
  18 fungi
  4 plants
32 creatures vanquished.

Grand Total: 878 creatures vanquished

Notes
Turn   | Place    | Note
-------+----------+-------------------------------------------
     0 | D:1      | nht the Minotaur Hunter began the quest for the Orb.
     0 | D:1      | Reached XP level 1. HP: 18/18 MP: 0/0
    90 | D:1      | Reached XP level 2. HP: 24/25 MP: 1/1
   102 | D:1      | Reached skill level 5 in Crossbows
   548 | D:1      | Reached XP level 3. HP: 27/30 MP: 2/2
  1100 | D:2      | Reached skill level 6 in Crossbows
  1237 | D:3      | Found a glowing drain.
  1257 | D:3      | Reached XP level 4. HP: 37/37 MP: 3/3
  1268 | D:3      | Found a shadowy altar of Dithmenos.
  1309 | D:3      | Became a worshipper of Dithmenos the Shadowed
  1434 | Sewer    | Entered a sewer
  1609 | Sewer    | Reached skill level 7 in Crossbows
  1609 | Sewer    | Reached XP level 5. HP: 29/42 MP: 4/4
  1964 | D:3      | Reached * piety under Dithmenos
  2034 | D:3      | Found a basalt altar of Yredelemnul.
  2055 | D:3      | Found an ornate altar of the Wu Jian Council.
  2335 | D:4      | Reached XP level 6. HP: 50/50 MP: 5/5
  2411 | D:4      | Reached skill level 8 in Crossbows
  2459 | D:4      | Noticed a sky beast
  2460 | D:4      | Reached skill level 1 in Armour
  2488 | D:4      | Killed a sky beast
  2576 | D:4      | Reached XP level 7. HP: 57/58 MP: 6/6
  2661 | D:4      | Reached ** piety under Dithmenos
  2907 | D:4      | Found a sparkling altar of Nemelex Xobeh.
  2907 | D:4      | Found a basalt altar of Yredelemnul.
  2925 | D:4      | Found Huab's Gadget Boutique.
  3078 | D:5      | Entered Level 5 of the Dungeon
  3337 | D:5      | Reached skill level 5 in Fighting
  3358 | D:5      | Noticed Pikel
  3400 | D:5      | Killed Pikel
  3400 | D:5      | Reached skill level 9 in Crossbows
  3400 | D:5      | Reached skill level 5 in Armour
  3400 | D:5      | Reached XP level 8. HP: 38/70 MP: 7/7
  3410 | D:5      | Found a radiant altar of Vehumet.
  3476 | D:5      | Got a sparkling bone ring
  3477 | D:5      | Identified the ring "Ojutt" {rC+ Int+4 Slay+2} (You found
                  | it on level 5 of the Dungeon)
  3643 | D:5      | Found a sparkling altar of Nemelex Xobeh.
  3653 | D:5      | Reached skill level 10 in Crossbows
  3709 | D:5      | Reached skill level 1 in Short Blades
  3709 | D:5      | Reached skill level 1 in Invocations
  3738 | D:5      | Reached XP level 9. HP: 55/79 MP: 8/8
  3789 | D:5      | Found a hide-covered altar of Uskayaw.
  4070 | D:6      | Found Xyvob's Armour Emporium.
  4079 | D:6      | Bought a +0 cloak for 58 gold pieces
  4114 | D:6      | Found a shattered altar of Ashenzari.
  4282 | D:6      | Reached *** piety under Dithmenos
  4447 | D:6      | Reached skill level 5 in Short Blades
  4736 | D:7      | Found a runed translucent door.
  4737 | D:7      | Noticed Crazy Yiuf
  4740 | D:7      | Got a steaming mace
  4744 | D:7      | Killed Crazy Yiuf
  4765 | D:7      | Found a staircase to the Ecumenical Temple.
  4802 | D:7      | Noticed Menkaure
  4809 | D:7      | Killed Menkaure
  5672 | D:8      | Reached **** piety under Dithmenos
  5675 | D:8      | Reached XP level 10. HP: 59/86 MP: 12/12
  5698 | D:8      | Found a glowing golden altar of the Shining One.
  5750 | D:8      | Noticed a deep elf mage
  5808 | D:8      | Reached skill level 5 in Invocations
  5829 | D:8      | Noticed a sun demon
  5979 | D:8      | Noticed a smoke demon
  6399 | D:8      | Found a deep blue altar of Sif Muna.
  6411 | D:8      | Found a glowing golden altar of the Shining One.
  6411 | D:8      | Found a snail-covered altar of Cheibriados.
  6413 | D:8      | Found an ornate altar of the Wu Jian Council.
  6413 | D:8      | Found a shimmering altar of Xom.
  6413 | D:8      | Found a sparkling altar of Nemelex Xobeh.
  6587 | D:9      | Reached ***** piety under Dithmenos
  6617 | D:9      | Found a staircase to the Orcish Mines.
  6748 | D:9      | Reached skill level 10 in Short Blades
  6988 | D:9      | Noticed a two-headed ogre
  6989 | D:9      | Noticed a two-headed ogre
  6990 | D:9      | Noticed a two-headed ogre
  7001 | D:9      | Killed a two-headed ogre
  7011 | D:9      | Killed a two-headed ogre
  7233 | D:9      | Killed a two-headed ogre
  7233 | D:9      | Reached XP level 11. HP: 76/94 MP: 15/15
  7322 | D:9      | Found a white marble altar of Elyvilon.
  7440 | D:9      | Found a runed translucent door.
  7441 | D:9      | Found a shimmering altar of Xom.
  7441 | D:9      | Noticed DavidChitty2's ghost (novice GrFi)
  7441 | D:9      | Noticed a +0 trident of chaos
  7611 | D:9      | Noticed a two-headed ogre
  7612 | D:9      | Noticed a two-headed ogre
  7613 | D:9      | Noticed a two-headed ogre
  7614 | D:9      | Noticed an ogre mage
  7622 | D:10     | Entered Level 10 of the Dungeon
  7624 | D:10     | Killed a two-headed ogre
  7884 | D:10     | Found Ifei's Magic Scroll Boutique.
  7909 | D:10     | Bought a scroll of identify for 20 gold pieces
  7909 | D:10     | Bought a scroll of identify for 20 gold pieces
  7909 | D:10     | Bought a scroll of teleportation for 30 gold pieces
  7909 | D:10     | Bought 3 scrolls of identify for 60 gold pieces
  8090 | D:10     | Noticed a two-headed ogre
  8100 | D:10     | Killed a two-headed ogre
  8225 | D:10     | Found a blossoming altar of Fedhas.
  8227 | D:10     | Noticed an oklob plant
  8227 | D:10     | Noticed an oklob plant
  9026 | D:9      | Killed a two-headed ogre
  9044 | D:9      | Killed a two-headed ogre
  9074 | D:9      | Killed an ogre mage
  9216 | D:11     | Found a runed translucent gate.
  9217 | D:11     | Found a runed translucent gate.
  9217 | D:11     | Found a runed translucent gate.
  9218 | D:11     | Noticed zhorgal's ghost (journeyman VSMo)
  9250 | D:11     | Reached XP level 12. HP: 105/106 MP: 17/17
  9279 | D:11     | Found a radiant altar of Vehumet.
  9382 | D:11     | Noticed a two-headed ogre
  9388 | D:11     | Killed a two-headed ogre
  9481 | D:11     | Reached skill level 10 in Fighting
  9758 | D:11     | Found a staircase to the Lair.
  9826 | Lair:1   | Entered Level 1 of the Lair of Beasts
  9921 | Lair:1   | Noticed an eight-headed hydra
  9984 | Lair:2   | Reached skill level 10 in Armour
 10055 | Lair:2   | Noticed a six-headed hydra
 10061 | Lair:2   | Killed a six-headed hydra
 10062 | Lair:2   | Noticed a death yak
 10065 | Lair:2   | this character sucks
 10065 | Lair:2   | Noticed a death yak
 10080 | Lair:2   | Killed a death yak
 10551 | Lair:2   | Killed a death yak
 11167 | Lair:1   | Noticed Joseph
 11186 | Lair:1   | Killed Joseph
 11191 | Lair:1   | Killed an eight-headed hydra
 11704 | Lair:3   | Reached skill level 10 in Invocations
 11736 | Lair:3   | Reached ****** piety under Dithmenos
 11749 | Lair:3   | Found a staircase to the Snake Pit.
 12492 | Lair:3   | Noticed a seven-headed hydra
 12820 | Lair:3   | Noticed a minotaur
 12820 | Lair:3   | a seven-headed hydra changed into a minotaur
 12821 | Lair:3   | woof
 12834 | Lair:3   | Killed a minotaur
 13004 | Lair:3   | Noticed Gastronok
 13038 | Lair:3   | Killed Gastronok
 13038 | Lair:3   | Reached XP level 13. HP: 118/118 MP: 19/19
 13509 | Lair:4   | Found a dark tunnel.
 13518 | Volcano  | Entered a volcano
 13538 | Volcano  | Found a burning altar of Makhleb.
 13545 | Volcano  | Noticed a red draconian
 13560 | Volcano  | Reached skill level 11 in Crossbows
 13578 | Volcano  | Killed a red draconian
 14126 | Lair:4   | Reached skill level 12 in Crossbows
 14914 | Lair:4   | Found a staircase to the Swamp.
 15301 | Lair:5   | Reached skill level 13 in Crossbows
 15301 | Lair:5   | Reached XP level 14. HP: 95/129 MP: 20/20
 15354 | Lair:5   | Found a staircase to the Slime Pits.
 15543 | Lair:5   | You fall into a shaft and drop 1 floor!
 15543 | Lair:6   | Entered Level 6 of the Lair of Beasts
 15593 | Lair:6   | Reached skill level 14 in Crossbows
 16147 | Lair:6   | Reached XP level 15. HP: 111/136 MP: 21/21
 17721 | Lair:6   | Reached skill level 15 in Crossbows
 18282 | Orc:1    | Entered Level 1 of the Orcish Mines
 18557 | Orc:1    | Found a deep blue altar of Sif Muna.
 18666 | Orc:2    | Entered Level 2 of the Orcish Mines
 18715 | Orc:1    | Identified Sif Muna's Collected Works on Companions
 18748 | Orc:1    | You are sucked into a shaft and drop 1 floor!
 18748 | Orc:2    | Found Tule Kagg's Antique Weapon Shop.
 18811 | Orc:2    | Found a staircase to the Elven Halls.
 19367 | Orc:2    | Found Sest's Antique Armour Shop.
 19392 | Orc:2    | Noticed Saint Roka
 19561 | Orc:1    | Found Genoyzut's Assorted Antiques.
 19685 | Orc:1    | You fall into a shaft and drop 1 floor!
 20083 | Orc:1    | Killed Saint Roka
 20083 | Orc:1    | Reached skill level 16 in Crossbows
 20845 | Orc:2    | Found Tegat's General Store.
 20850 | Orc:2    | Noticed an orc warlord
 20904 | Orc:2    | Killed an orc warlord
 21324 | Orc:2    | Bought a pair of embroidered gloves for 277 gold pieces
 21370 | Orc:2    | Found Bew Fousm's Book Emporium.
 21770 | Orc:2    | Noticed an orc warlord
 21836 | Orc:2    | Killed an orc warlord
 21992 | Orc:2    | Found a roughly hewn altar of Beogh.
 22277 | Orc:1    | Bought a scroll of teleportation for 93 gold pieces
 22277 | Orc:1    | Bought an embroidered cloak for 232 gold pieces
 22277 | Orc:1    | Bought a brass wand for 124 gold pieces
 22277 | Orc:1    | Bought a steel ring for 155 gold pieces
 22473 | D:12     | Found a gate leading to a gauntlet.
 22483 | Gauntlet | Entered a Gauntlet
 22483 | Gauntlet | Found a transporter.
 22483 | Gauntlet | Found a transporter.
 22483 | Gauntlet | Found a large runed translucent door.
 22483 | Gauntlet | Found a large runed translucent door.
 22483 | Gauntlet | Found a large runed translucent door.
 22483 | Gauntlet | Found a large runed translucent door.
 22483 | Gauntlet | Found a large runed translucent door.
 22483 | Gauntlet | Found a large runed translucent door.
 22483 | Gauntlet | Found a runed translucent door.
 22483 | Gauntlet | Found a runed translucent door.
 22483 | Gauntlet | Found a large runed translucent door.
 22483 | Gauntlet | Found a large runed translucent door.
 22483 | Gauntlet | Found a large runed translucent door.
 22483 | Gauntlet | Found a large runed translucent door.
 22483 | Gauntlet | Found a large runed translucent door.
 22483 | Gauntlet | Found a large runed translucent door.
 22486 | Gauntlet | Found a large runed translucent door.
 22486 | Gauntlet | Found a large runed translucent door.
 22486 | Gauntlet | Found a large runed translucent door.
 22486 | Gauntlet | Found a large runed translucent door.
 22487 | Gauntlet | Found a runed translucent gate.
 22487 | Gauntlet | Found a runed translucent gate.
 22487 | Gauntlet | Found a runed translucent gate.
 22488 | Gauntlet | Found a transporter.
 22524 | Gauntlet | Found a transporter.
 22535 | Gauntlet | Found a transporter.
 22548 | Gauntlet | Found a transporter.
 22594 | Gauntlet | Got a vibrating brass ring
 22602 | Gauntlet | Found a transporter.
 22603 | Gauntlet | Found a transporter.
 22604 | Gauntlet | Found the +2 pair of boots of the Assassin {Detection Stab+
                  | Stlth++}
 22611 | Gauntlet | Found a transporter.
 22617 | Gauntlet | Found a transporter.
 22626 | Gauntlet | Reached XP level 16. HP: 146/146 MP: 23/23
 22650 | Gauntlet | Got a transparent hat
 22663 | Gauntlet | Identified the +0 hat "Xioczoes" {-Cast +Blink rF+ rCorr}
                  | (You found it in a Gauntlet)
 22677 | Gauntlet | Identified the ring of Kuveim {rPois rF- rN++ MP+9 SInv}
                  | (You found it in a Gauntlet)
 22706 | Gauntlet | Reached skill level 17 in Crossbows
 22717 | Gauntlet | Identified Naokkeq's Lost Volume of the Greatest Mummy
 22779 | D:12     | Found a flagged portal.
 22783 | Bailey   | Entered a bailey
 23293 | Bailey   | Found a burning altar of Makhleb.
 23310 | Bailey   | Got an encrusted halberd
 23321 | Bailey   | Got a brightly glowing shortbow
 23517 | D:12     | Found a basalt altar of Yredelemnul.
 23730 | D:12     | jeez
 24584 | D:13     | Found a gate to the Vaults.
 24945 | D:13     | Found a roughly hewn altar of Beogh.
 25921 | D:14     | Noticed melvinkitnick's ghost (journeyman DsAK)
 25922 | D:14     | Noticed Kystiego's ghost (journeyman SpEn)
 25922 | D:14     | Found a runed translucent gate.
 25923 | D:14     | Found a runed translucent gate.
 25924 | D:14     | Found a runed translucent gate.
 26082 | D:14     | Found a snail-covered altar of Cheibriados.
 26286 | D:14     | Noticed Louise
 26303 | D:14     | Killed Louise
 26371 | D:15     | Entered Level 15 of the Dungeon
 26408 | D:15     | Shot with a bolt by a yaktaur

Levels and vault maps discovered:
D:1:      minmay_arrival_shattered_statue, layout_loops_ring,
          kennysheep_decorative_pillar
D:2:      layout_basic, first_ration
D:3:      layout_loops_cross, marbit_many_paths,
          nicolae_dithmenos_shadow_blocks, cheibrodos_sewer_entry_drain,
          lemuel_statue_altar
D:4:      layout_loops_ring, chequers_temple_overflow_statue_of_worship,
          serial_shops, shop
D:5:      layout_loops_ring, nicolae_overflow_crystal_walls,
          kennysheep_little_box, dk_noncrumbling_3, nemelex_dance_club_becter,
          uniq_pikel
D:6:      layout_basic, serial_shops, shop, evilmike_ruin_ashenzari
D:7:      cheibrodos_two_vegetables, layout_loops_ring,
          minmay_temple_entry_overgrown, uniq_menkaure, uniq_crazy_yiuf_cottage
D:8:      layout_basic, doesnt_xom_only_xom, kennysheep_mini_moat,
          hangedman_little_slice_of_home, guppyfry_early_elven_hall
D:9:      lemuel_ogre_cave, layout_loops_ring, elyvilon_altar_1,
          hiddenorc1_lemuel, ebering_ghost_xom
D:10:     minmay_opposing_rooms, layout_basic, serial_shops,
          nicolae_shop_waterfront, serial_glass, glass_columns_b,
          glass_columns_b, glass_columns_c, glass_columns_b,
          kennysheep_nondescript, hangedman_tree_tricks,
          chequers_serial_rivers_small_3, grunt_decor_arrowhead
D:11:     layout_roguey, grunt_lair_entry_orc_guard_hut,
          ebering_ghost_rock_garden, basic_altar
D:12:     lemuel_troll_bridge, layout_irregular_city, enter_bailey_3,
          basic_altar, gauntlet_entry_generic
D:13:     layout_roguey, david_vaults_2, special_room [special_room_orc]
D:14:     layout_gridville, gammafunk_ghost_cemetery, minmay_fountain_box,
          cheibriados_altar_1, uniq_louise
D:15:     hangedman_depths_entry_civil_slaughter, layout_basic, serial_shops,
          nicolae_shop_trees, grunt_decor_mini_mirrors, chequers_garden,
          minivault_1
Lair:1:   layout_roguey, nicolae_lair_grove_arrangements,
          minmay_lair_oklob_chamber, infiniplex_staircase_pool, uniq_joseph
Lair:2:   layout_hall_layers, chequers_serial_rivers_micro_b, grunt_megastairs_1
Lair:3:   layout_cave_pods, minmay_snake_entry_six_corridors, special_room
          [special_room_bee], lemuel_fruit_fields, serial_bayou_shore_b,
          uniq_gastronok
Lair:4:   layout_regular_city, palyth_hydra_swamp_entry,
          lightli_volcano_entry_magma_tube
Lair:5:   layout_regular_city, dpeg_slime_entry_corner
Lair:6:   hangedman_lair_in_review, layout_big_grid,
          chequers_serial_rivers_micro_e, serial_bayou_pond_d, dpeg_oklob_1
Orc:1:    layout_diamond_mine, serial_shops, nicolae_shop_overgrown_old_shop,
          led_sif_book
Orc:2:    grunt_orc_gardens, layout_caves, grunt_orc_garden, grunt_orc_garden,
          grunt_orc_garden, grunt_orc_garden, bh_open_orc_temple,
          uniq_saint_roka

Skill      XL: |  1  2  3  4  5  6  7  8  9 10 11 12 13 14 15 16 |
---------------+-------------------------------------------------+-----
Crossbows      | 5 6 7 8 9 10 13 14 16 17 | 17.9
Armour         | 2 5 6 7 9 11 13 14 | 14.1
Fighting       | 3 6 7 9 12 13 14 | 14.4
Short Blades   | 1 7 10 12 | 12.1
Invocations    | 1 4 7 8 10 11 12 | 12.0
Dodging        | |  2.1
Stealth        | |  0.7

Action                   |  1- 3 |  4- 6 |  7- 9 | 10-12 | 13-15 | 16-18 || total
-------------------------+-------+-------+-------+-------+-------+-------++-------
Melee: Short sword       |       |       |   210 |   674 |  1141 |   452 ||  2477
       Headbutt          |       |       |    31 |   147 |   321 |   117 ||   616
 Fire: Hand crossbow     |   104 |   148 |   110 |    42 |    35 |       ||   439
Invok: Shadow Step       |       |       |       |       |     1 |     5 ||     6
Evoke: Wand              |       |       |    45 |    42 |    24 |    28 ||   139
       Lamp of fire      |       |       |       |       |       |     1 ||     1
  Use: Scroll            |       |       |    15 |    12 |    13 |     2 ||    42
       Potion            |       |       |       |     2 |    19 |     3 ||    24
 Stab: Paralysed         |       |       |     2 |       |       |       ||     2
       Invisible         |       |       |       |       |     7 |       ||     7
       Petrified         |       |       |       |       |     5 |       ||     5
  Eat: Chunk             |     1 |     4 |    10 |    26 |    28 |     6 ||    75
       Ration            |       |       |       |       |     1 |     2 ||     3
Armor: Leather armour    |     6 |    12 |       |       |       |       ||    18
       Chain mail        |       |    24 |   114 |   233 |   450 |   202 ||  1023
       Skin              |       |       |       |       |       |    22 ||    22
Dodge: Dodged            |    19 |    37 |   100 |   195 |   408 |   192 ||   951

Table legend:
 A = Non-vault XP
 B = Vault XP
 C = Vault XP percentage of total XP
 D = Non-vault monster count
 E = Vault monster count
 F = Vault count percentage of total count
                 A         B        C        D         E       F
            +---------+---------+-------+---------+---------+-------
      Total |   71892 |   72187 |  50.1 |     561 |     291 |  34.2
            +---------+---------+-------+---------+---------+-------
        D:1 |      46 |       0 |   0.0 |      26 |       0 |   0.0
        D:2 |      34 |       0 |   0.0 |      13 |       0 |   0.0
        D:3 |     184 |      10 |   5.2 |      27 |       4 |  12.9
        D:4 |     603 |       0 |   0.0 |      23 |       0 |   0.0
        D:5 |    1153 |     735 |  38.9 |      22 |       3 |  12.0
        D:6 |    1104 |       0 |   0.0 |      32 |       0 |   0.0
        D:7 |     842 |     370 |  30.5 |      24 |       5 |  17.2
        D:8 |    1612 |     166 |   9.3 |      29 |       8 |  21.6
        D:9 |    1517 |    7352 |  82.9 |      33 |      38 |  53.5
       D:10 |    4596 |    1340 |  22.6 |      43 |      11 |  20.4
       D:11 |    2575 |     640 |  19.9 |      16 |       5 |  23.8
       D:12 |    4521 |    4969 |  52.4 |      27 |      17 |  38.6
       D:13 |    3083 |    1722 |  35.8 |      17 |      29 |  63.0
       D:14 |    7429 |    1693 |  18.6 |      20 |       1 |   4.8
       D:15 |     551 |       0 |   0.0 |       6 |       0 |   0.0
     Lair:1 |    1929 |     439 |  18.5 |       6 |       1 |  14.3
     Lair:2 |    5044 |     475 |   8.6 |      12 |       3 |  20.0
     Lair:3 |    3990 |    5774 |  59.1 |      11 |      33 |  75.0
     Lair:4 |    4509 |    2958 |  39.6 |      24 |       8 |  25.0
     Lair:5 |    3725 |       0 |   0.0 |       7 |       0 |   0.0
     Lair:6 |   12216 |   11122 |  47.7 |      42 |      21 |  33.3
      Orc:1 |    4114 |    6505 |  61.3 |      48 |       7 |  12.7
      Orc:2 |    6515 |   11909 |  64.6 |      53 |      42 |  44.2
      Sewer |       0 |      78 | 100.0 |       0 |      17 | 100.0
     Bailey |       0 |     838 | 100.0 |       0 |      16 | 100.0
    Volcano |       0 |    7678 | 100.0 |       0 |       8 | 100.0
   Gauntlet |       0 |    5414 | 100.0 |       0 |      14 | 100.0
            +---------+---------+-------+---------+---------+-------
